 Dungeon Crawl Stone Soup version 0.30-a0-760-g5a9884bb7c (webtiles) character file.

Game seed: 14580068634570880011

2372 Ekaitz the Conjurer (level 9, 0/51 HPs)
             Began as a Deep Elf Hedge Wizard on Feb 10, 2023.
             Was a Follower of Sif Muna.
             Slain by a hornet (2 damage)
             ... while paralysed by a hornet
             ... on level 8 of the Dungeon on Feb 11, 2023.
             The game lasted 00:30:52 (7459 turns).

Ekaitz the Conjurer (Deep Elf Hedge Wizard)         Turns: 7459, Time: 00:30:53

Health: 0/51       AC:  4    Str:  7    XL:     9   Next: 21%
Magic:  8/18       EV:  2    Int: 20    God:    Sif Muna [*.....]
Gold:   415        SH:  0    Dex: 18    Spells: 3/18 levels left

rFire   . . .      SeeInvis +    u - +2 rapier (drain)
rCold   . . .      Faith    .    (no shield)
rNeg    . . .      Spirit   .    D - +2 robe
rPois   .          Reflect  +    c - +0 hat
rElec   .          Harm     .    (no cloak)
rCorr   .          Rampage  .    (no gloves)
Will    .....                    (no boots)
Stlth   +++                      q - amulet of reflection
HPRegen 0.28/turn                p - ring of see invisible
MPRegen 0.16/turn                r - ring of wizardry

@: paralysed, lethally poisoned (0 -> -13), slowed
A: no striking features
a: Renounce Religion, Channel Magic


You were on level 8 of the Dungeon.
You worshipped Sif Muna.
Sif Muna was aware of your devotion.
You visited 2 branches of the dungeon, and saw 9 of its levels.
You also visited: Sewer.

You collected 415 gold pieces.

Inventory:

Hand Weapons
 a - a +2 dagger of flaming
 t - a +3 short sword
 u - a +2 rapier of draining (weapon)
 G - a +1 spear of freezing
 L - a +3 flail of venom
Missiles
 I - 2 throwing nets
Armour
 c - a +0 hat (worn)
 D - a +2 robe (worn)
Magical Staves
 k - a staff of poison
Jewellery
 p - a ring of see invisible (left hand)
 q - an amulet of reflection (around neck)
 r - a ring of wizardry (right hand)
 H - an amulet of magic regeneration
Wands
 y - a wand of polymorph (11)
 K - a wand of charming (7)
Scrolls
 e - 4 scrolls of amnesia {unknown}
 f - 9 scrolls of identify {unknown}
 g - 2 scrolls of enchant weapon {unknown}
 h - a scroll of blinking {unknown}
 i - 5 scrolls of teleportation {unknown}
 j - 3 scrolls of fear {unknown}
 n - a scroll of immolation {unknown}
 B - a scroll of brand weapon {unknown}
 C - 2 scrolls of enchant armour {unknown}
 E - a scroll of noise {unknown}
 F - a scroll of acquirement {unknown}
Potions
 b - 3 potions of haste {unknown}
 d - a potion of magic
 l - a potion of berserk rage {unknown}
 m - a potion of invisibility {unknown}
 o - a potion of cancellation {unknown}
 s - 6 potions of mutation {unknown}
 v - 3 potions of curing
 w - 3 potions of ambrosia {unknown}
 x - 3 potions of flight {unknown}
 z - 4 potions of heal wounds {unknown}
 A - a potion of brilliance {unknown}
 J - a potion of attraction {unknown}


   Skills:
 * Level 3.4 Fighting
 + Level 4.5 Short Blades
 * Level 5.4 Dodging
 + Level 5.5 Stealth
 + Level 0.9 Shields
 - Level 5.0 Spellcasting
 * Level 5.8 Conjurations
 * Level 4.2 Summonings
 * Level 4.3 Necromancy
 + Level 1.4 Translocations
 + Level 1.6 Air Magic
 + Level 1.8 Poison Magic
 * Level 2.3 Invocations


You had 3 spell levels left.
You knew the following spells:

 Your Spells              Type           Power      Damage    Failure   Level
a - Magic Dart            Conj           100%       1d8       1%          1
b - Call Imp              Summ           21%        N/A       1%          2
c - Cigotuvi's Dreadful   Necr/Pois/Air  30%        N/A       2%          2
d - Mephitic Cloud        Conj/Pois/Air  17%        N/A       4%          3
k - Blink                 Tloc           20%        N/A       4%          2
u - Sublimation of Blood  Necr           22%        N/A       1%          2
v - Vampiric Draining     Necr           22%        2d7       2%          3

Your spell library contained the following spells:

 Spells                   Type           Power      Damage    Failure   Level
 Necrotise                Necr           88%        1d8       1%          1
 Slow                     Hex            20%        N/A       4%          1
 Summon Guardian Golem    Hex/Summ       13%        N/A       6%          3
 Wereblood                Tmut           5%         N/A       7%          2
 Agony                    Necr           22%        N/A       21%         5
 Cause Fear               Hex            2%         N/A       41%         4
 Orb of Destruction       Conj           14%        9d7       96%         7
 Spellforged Servitor     Conj/Summ      12%        N/A       99%         7
 Summon Hydra             Summ           10%        N/A       99%         7
 Dragon Form              Tmut           2%         N/A       100%        7
 Dragon's Call            Summ           10%        N/A       100%        9


Dungeon Overview and Level Annotations

Branches:
Dungeon (8/15)             Temple (1/1) D:6           Sewer (visited)
   Lair: D:8-11

Altars:
Ashenzari
Dithmenos
Elyvilon
Fedhas
Gozag
Hepliaklqana
Makhleb
Nemelex Xobeh
Okawaru
Qazlal
Ru
Sif Muna
Trog
Uskayaw
Vehumet
Wu Jian
Xom
Yredelemnul
Zin
The Shining One

Shops:
D:2 (   D:6 [


Message History

Your crimson imp closely misses the hornet.
The hornet misses you.
You hit the hornet.
The hornet is moderately wounded.
The hornet misses you.
Your crimson imp completely misses the hornet.
You barely miss the hornet.
The hornet is moderately wounded.
The hornet closely misses you.
Your crimson imp hits the hornet but does no damage.
The hornet stings you.
You are poisoned.
You feel yourself slow down.
You hit the hornet but do no damage.
The hornet is moderately wounded.
You feel very sick. The hornet stings you!
You feel as though you will be slow longer.
Your crimson imp hits the hornet but does no damage.
The hornet stings you.
You feel as though you will be slow longer.
Casting: Vampiric Draining (dangerous; 2% risk of failure)
Confirm with . or Enter, or press ? or * to list all spells.
Aiming: Vampiric Draining (dangerous; 2% risk of failure)
Press: ? - help, Shift-Dir - straight line, f/p - hornet
Aim: a hornet (moderately wounded, ally target)
You draw life force from the hornet!
You feel life coursing into your body.
You feel very sick. The hornet stings you.
You are more poisoned.
You suddenly lose the ability to move!
Your crimson imp completely misses the hornet.
The hornet stings you!
* * * LOW HITPOINT WARNING * * *
You feel as though you will be slow longer.
Your crimson imp blinks!
* * * LOW HITPOINT WARNING * * *
You feel very sick. The hornet stings you.
You die...

...........####
............#####
#.#.........#...#
#.#.........#...##
##.>.#.............
#..#.###........<..
##.####............
##.####............
#y@................
#....ยง......##.........
#.......##.######.......
.......##...# ##......
....#.. ## #......
.##.5.> ...## #...


You could see a hornet (ally target) and a friendly crimson imp (summoned).

Vanquished Creatures
  A steam dragon (D:7)
  Edmund (D:4)
  Menkaure (D:4)
  2 sky beasts (D:7)
  2 ice beasts (D:6)
  An ogre (D:6)
  2 centaurs
  Blork the orc (D:5)
  A bullfrog (D:7)
  A scorpion (D:5)
  4 necrophages
  4 howler monkeys
  7 hounds
  4 orc priests
  2 gnoll boudas (D:7)
  2 iguanas (D:5)
  An orc wizard (D:6)
  9 gnolls (D:7)
  9 adders
  2 river rats (Sewer)
  A shadow imp (D:6)
  4 worms
  2 dart slugs
  8 orcs
  10 bats
  8 endoplasms
  5 giant cockroaches
  10 goblins
  6 hobgoblins
  7 jackals
  5 kobolds
  4 quokkas
  8 ball pythons
  9 frilled lizards
  5 rats
149 creatures vanquished.

Vanquished Creatures (collateral kills)
  A jelly (D:6)
  An ufetubus (D:6)
  3 orcs
  2 endoplasms
  2 hobgoblins (D:1)
  A quokka (D:2)
  A ball python (D:3)
  A goblin (D:4)
  A kobold (D:1)
13 creatures vanquished.

Grand Total: 162 creatures vanquished

Notes
Turn   | Place    | Note
-------+----------+-------------------------------------------
     0 | D:1      | Ekaitz the Deep Elf Hedge Wizard began the quest for the
                  | Orb.
     0 | D:1      | Reached XP level 1. HP: 10/10 MP: 7/7
   173 | D:1      | Reached XP level 2. HP: 15/15 MP: 6/9
   177 | D:1      | Learned a level 2 spell: Call Imp
   180 | D:1      | Learned a level 2 spell: Blink
   183 | D:1      | Learned a level 2 spell: Cigotuvi's Dreadful Rot
   305 | D:1      | Reached skill level 5 in Spellcasting
   526 | D:1      | Reached skill level 1 in Fighting
   847 | D:2      | Reached XP level 3. HP: 20/20 MP: 11/11
   851 | D:2      | Learned a level 3 spell: Mephitic Cloud
  1559 | D:2      | Found Zurph's Weapon Emporium.
  1865 | D:3      | Reached XP level 4. HP: 24/25 MP: 2/13
  2452 | D:3      | Found a white marble altar of Elyvilon.
  2481 | D:3      | Found a faded altar of an unknown god.
  2567 | D:3      | Reached skill level 1 in Air Magic
  3070 | D:4      | Noticed Edmund
  3077 | D:4      | Reached XP level 5. HP: 29/29 MP: 7/14
  3135 | D:4      | Killed Edmund
  3136 | D:4      | Reached skill level 1 in Poison Magic
  3255 | D:4      | Learned a level 2 spell: Sublimation of Blood
  3325 | D:4      | Reached skill level 1 in Short Blades
  3325 | D:4      | Reached XP level 6. HP: 33/35 MP: 15/15
  3404 | D:4      | Noticed Menkaure
  3408 | D:4      | Killed Menkaure
  3409 | D:4      | Reached skill level 1 in Necromancy
  3739 | D:4      | Reached XP level 7. HP: 23/40 MP: 9/16
  4068 | D:5      | Entered Level 5 of the Dungeon
  4232 | D:5      | Noticed Blork the orc
  4269 | D:5      | Reached skill level 5 in Stealth
  4303 | D:5      | Found a glowing drain.
  4340 | Sewer    | Entered a sewer
  4901 | D:5      | Killed Blork the orc
  4902 | D:5      | Reached skill level 5 in Conjurations
  4998 | D:5      | Reached XP level 8. HP: 33/45 MP: 14/17
  5464 | D:6      | Found a staircase to the Ecumenical Temple.
  5474 | Temple   | Entered the Ecumenical Temple
  5815 | Temple   | Became a worshipper of Sif Muna the Loreminder
  5863 | D:6      | Found Godasere's Antique Armour Shoppe.
  6184 | D:6      | Reached skill level 1 in Invocations
  6280 | D:6      | Reached skill level 5 in Dodging
  6747 | D:7      | Reached XP level 9. HP: 21/51 MP: 2/18
  6970 | D:7      | Reached * piety under Sif Muna
  7072 | D:7      | Learned a level 3 spell: Vampiric Draining
  7458 | D:8      | Paralysed by a hornet for 2 turns
  7459 | D:8      | HP: 2/51 [poisoned by a hornet]
  7459 | D:8      | Slain by a hornet

Illustrated notes

Levels and vault maps discovered:
D:1:      tarquinn_simple_flora_water_c, layout_rooms
D:2:      layout_rooms, serial_shops, nicolae_shop_waterfront,
          dreamdust_princess_bridge
D:3:      layout_basic, elyvilon_altar_4, basic_ecumenical_altar,
          minmay_pentangle
D:4:      layout_cave_pods, uniq_menkaure, uniq_edmund
D:5:      layout_loops_ring, cheibrodos_sewer_entry_drain, uniq_blork_the_orc
D:6:      layout_basic, minmay_temple_entry_drinking_statues, serial_shops,
          nicolae_square_shop, st_stairs_11
D:7:      layout_rooms
D:8:      layout_cave_pools
Temple:   compressed_dpeg_triangle_lava_temple

Skill      XL: |  1  2  3  4  5  6  7  8  9 |
---------------+----------------------------+-----
Spellcasting   | 5 |  5.0
Fighting       | 1 2 3 |  3.4
Dodging        | 3 4 5 |  5.4
Conjurations   | 2 3 4 5 |  5.8
Air Magic      | 1 |  1.6
Stealth        | 3 4 5 |  5.5
Poison Magic   | 1 |  1.8
Short Blades   | 1 4 |  4.5
Summonings     | 2 4 |  4.2
Necromancy     | 1 2 3 4 |  4.3
Invocations    | 1 2 |  2.3
Shields        | |  0.9
Translocations | |  1.4

Action                     |  1- 3 |  4- 6 |  7- 9 || total
---------------------------+-------+-------+-------++-------
  Melee: Dagger            |    52 |    66 |       ||   118
         Rapier            |       |     6 |   159 ||   165
         Short sword       |       |     3 |       ||     3
         Punch             |       |       |     3 ||     3
   Cast: Magic Dart        |    82 |    62 |   119 ||   263
         Call Imp          |     4 |     7 |    15 ||    26
         Blink             |     1 |     5 |     1 ||     7
         Mephitic Cloud    |     1 |     3 |     4 ||     8
         Cigotuvi's Dreadf |       |       |     3 ||     3
         Sublimation of Bl |       |       |     3 ||     3
         Vampiric Draining |       |       |     5 ||     5
   Stab: Sleeping          |     1 |     5 |     7 ||    13
         Confused          |       |     3 |     1 ||     4
         Distracted        |       |     1 |     2 ||     3
 Armour: Robe              |    16 |     6 |    24 ||    46
  Dodge: Dodged            |    62 |    39 |   121 ||   222
  Block: Other             |       |    17 |    36 ||    53
         Reflection        |       |       |     1 ||     1

Table legend: (Time is in decaauts)
 A = Elapsed time spent in this place.
 B = Non-inter-level travel time spent in this place.
 C = Inter-level travel time spent in this place.
 D = Time resting spent in this place.
 E = Time spent auto-exploring this place.
 F = Levels seen in this place.
 G = Mean time per level.
                   A        B        C        D        E       F      G
               +--------+--------+--------+--------+--------+-----+--------+
         Total |   7517 |   7316 |    201 |    415 |   5388 |  10 |  751.7 |
       Dungeon |   6730 |   6538 |    192 |    415 |   4722 |   8 |  841.2 |
        Temple |    350 |    341 |      9 |      0 |    311 |   1 |  350.0 |
         Sewer |    436 |    436 |      0 |      0 |    354 |   1 |  436.0 |
               +--------+--------+--------+--------+--------+-----+--------+

Top non-repeatable levels by time:
     D:3: 1263 daAuts
     D:4: 995 daAuts
     D:6: 979 daAuts
     D:2: 958 daAuts
     D:5: 902 daAuts
     D:1: 845 daAuts
     D:7: 753 daAuts
   Sewer: 436 daAuts
  Temple: 350 daAuts
     D:8: 31 daAuts
